 Dungeon Crawl Stone Soup version 0.21-a0-521-g1cd18d1 (webtiles) character file.

1365 Laiders the Basher (level 8, -1/64 HPs)
             Began as a Minotaur Fighter on Dec 5, 2017.
             Slain by an orc wizard
             ... wielding a +0 dagger of electrocution
              (12 damage)
             ... on level 5 of the Dungeon.
             The game lasted 00:10:28 (4002 turns).

Laiders the Basher (Minotaur Fighter)               Turns: 4002, Time: 00:10:29

Health: -1/64      AC: 11    Str: 24    XL:     8   Next: 38%
Magic:  7/7        EV:  5    Int:  5    God:
Gold:   246        SH:  9    Dex:  9    Spells: 7/7 levels left

rFire    . . .     SeeInvis .   a - +0 flail
rCold    . . .     Gourm    .   c - +0 shield
rNeg     . . .     Faith    .   x - +0 chain mail
rPois    +         Spirit   .   (helmet restricted)
rElec    .         Reflect  .   (no cloak)
rCorr    .         Harm     .   n - +1 pair of gloves
MR       .....                  (no boots)
Stlth    ..........             (no amulet)
HPRegen  0.20/turn              j - ring of poison resistance
MPRegen  0.10/turn              (no ring)

@: no status effects
A: retaliatory headbutt, horns 2
a: no special abilities


You were on level 5 of the Dungeon.
You were not hungry.

You visited 1 branch of the dungeon, and saw 5 of its levels.
You also visited: Ossuary.

You collected 246 gold pieces.

Inventory:

Hand Weapons
 a - a +0 flail (weapon)
Missiles
 y - 8 tomahawks (quivered)
Armour
 c - a +0 shield (worn)
 n - a +1 pair of gloves (worn)
 x - a +0 chain mail (worn)
Jewellery
 j - a ring of poison resistance (left hand)
Wands
 z - a wand of scattershot (2)
Scrolls
 b - 2 scrolls of amnesia {unknown}
 d - a scroll of teleportation {unknown}
 e - 4 scrolls of identify {unknown}
 l - 2 scrolls of immolation
 q - 2 scrolls of enchant armour {unknown}
 u - a scroll of remove curse
 v - 3 scrolls of blinking {unknown}
 w - a scroll of fear {unknown}
Potions
 i - a potion of cancellation {unknown}
 k - 3 potions of curing {unknown}
 m - a potion of heal wounds
 o - a potion of brilliance {unknown}
 p - a potion of flight {unknown}
 r - a potion of resistance {unknown}
 t - a potion of lignification {unknown}
 A - a potion of agility {unknown}
Comestibles
 f - 7 bread rations
 g - 3 meat rations
 h - 2 fruits
 s - a royal jelly
 B - 4 chunks of flesh


   Skills:
 - Level 3.6 Fighting
 + Level 12.2 Maces & Flails
 - Level 3.6 Armour
 - Level 3.6 Shields


You had 7 spell levels left.
You didn't know any spells.

Dungeon Overview and Level Annotations

Branches:
Dungeon (5/15)
 Temple: D:4-7

Altars:
Gozag
Makhleb
Nemelex Xobeh
Okawaru
Ru
Sif Muna
The Shining One


Innate Abilities, Weirdness & Mutations

You reflexively headbutt those who attack you in melee.
You have a pair of horns on your head.


Message History

The worker ant bites you.
You sock something!
Reactivating autopickup.
You feel a bit more experienced. The worker ant bites you. Something hits you.
Deactivating autopickup; reactivate with Ctrl-A.
The worker ant bites you but does no damage.
You block the worker ant's attack.
Things that are here:
a dagger; a robe; an orc corpse You miss something.
You hear some strange, mumbled words.
A puff of flame appears from out of thin air!
You block the puff of flame. The worker ant bites you.
You feel yourself speed up.
The worker ant bites you but does no damage.
Something hits you but does no damage.
You are electrocuted!
* * * LOW HITPOINT WARNING * * *
The worker ant bites you but does no damage.
Something hits you but does no damage.
You are electrocuted!
You die...

....#####.###..
......?........[........
......... ..............
......... .####.........
......... ##..........
........## ##..)........
.........###...)........
..........#.............
.......@a†..............
.......)...#...........(
..........####(.........
.........## ##.........
........## ##........
.......#. ##.......
......# . ###.....
...... . ...... ..


You could see a worker ant.

Vanquished Creatures
  Sigmund (D:3)
  Menkaure (D:4)
  A phantom (D:4)
  2 elf zombies (Ossuary)
  A howler monkey (D:4)
  A hound (D:4)
  A bullfrog zombie (D:2)
  A centaur skeleton (D:4)
  Jessica (D:3)
  Ijyb (D:4)
  Terence (D:3)
  Natasha (D:4)
  10 orc wizards
  A big kobold zombie (Ossuary)
  5 hound zombies (Ossuary)
  2 hound skeletons
  4 mummies
  A worker ant zombie (D:2)
  5 adders
  A shadow imp (D:5)
  An ooze (D:4)
  2 adder zombies (Ossuary)
  3 worms
  2 dart slugs
  6 leopard geckos
  10 orcs
  8 bats
  4 giant cockroaches
  11 goblins
  4 hobgoblins
  4 jackals
  A ball python (D:1)
  6 frilled lizards
  5 goblin zombies (Ossuary)
  5 hobgoblin zombies (Ossuary)
  2 jackal zombies (Ossuary)
  7 kobolds
  5 kobold zombies (Ossuary)
  3 quokka zombies (Ossuary)
  8 rats
  2 rat zombies (Ossuary)
141 creatures vanquished.

Notes
Turn   | Place    | Note
-------+----------+-------------------------------------------
     0 | D:1      | Laiders the Minotaur Fighter began the quest for the Orb.
     0 | D:1      | Reached XP level 1. HP: 19/19 MP: 0/0
   198 | D:1      | Reached skill level 3 in Maces & Flails
   204 | D:1      | Reached XP level 2. HP: 10/26 MP: 1/1
   678 | D:1      | Reached skill level 4 in Maces & Flails
   925 | D:1      | Reached XP level 3. HP: 29/31 MP: 2/2
  1212 | D:2      | Reached skill level 5 in Maces & Flails
  1215 | D:2      | Reached XP level 4. HP: 29/39 MP: 3/3
  1330 | D:2      | Reached skill level 6 in Maces & Flails
  1886 | D:3      | Reached XP level 5. HP: 44/45 MP: 4/4
  1932 | D:3      | Found an iron altar of Okawaru.
  2121 | D:3      | Noticed Terence
  2133 | D:3      | Killed Terence
  2191 | D:3      | Noticed Jessica
  2201 | D:3      | Found a deep blue altar of Sif Muna.
  2206 | D:3      | Killed Jessica
  2206 | D:3      | Reached skill level 7 in Maces & Flails
  2310 | D:3      | Noticed Sigmund
  2325 | D:3      | Killed Sigmund
  2325 | D:3      | Reached skill level 8 in Maces & Flails
  2325 | D:3      | Reached XP level 6. HP: 40/51 MP: 5/5
  2528 | D:4      | Reached skill level 9 in Maces & Flails
  2695 | D:4      | Reached XP level 7. HP: 44/57 MP: 6/6
  2952 | D:4      | Reached skill level 10 in Maces & Flails
  2964 | D:4      | Noticed Natasha
  2969 | D:4      | Killed Natasha
  3000 | D:4      | Noticed Ijyb
  3009 | D:4      | Killed Ijyb
  3138 | D:4      | Noticed Menkaure
  3149 | D:4      | Killed Menkaure
  3166 | D:4      | Found a sand-covered staircase.
  3174 | D:4      | Reached skill level 11 in Maces & Flails
  3178 | Ossuary  | Entered an ossuary
  3428 | Ossuary  | Reached XP level 8. HP: 55/64 MP: 7/7
  3777 | D:5      | Entered Level 5 of the Dungeon
  3799 | D:5      | Found an opulent altar of Gozag.
  3843 | D:5      | Found a glowing golden altar of the Shining One.
  3848 | D:5      | Found a sparkling altar of Nemelex Xobeh.
  3852 | D:5      | Found a burning altar of Makhleb.
  3855 | D:5      | Found a sacrificial altar of Ru.
  3952 | D:5      | Reached skill level 12 in Maces & Flails
  4002 | D:5      | Slain by an orc wizard

Vault maps used:
D:1:      evilmike_arrival_crescent, kennysheep_decorative_pillar
D:2:      first_bread
D:3:      kennysheep_okawaru_gauntlet, serial_glass, glass_columns_a,
          glass_columns_b, tgw_sif, uniq_terence, uniq_sigmund
D:4:      gup_ossuary_entry_pyramid, uniq_ijyb, uniq_natasha, uniq_menkaure
D:5:      grunt_temple_overflow_cloverleaf, grunt_gozag_statues
Ossuary:  minmay_ossuary_two_tombs

Skill      XL: |  1  2  3  4  5  6  7  8 |
---------------+-------------------------+-----
Maces & Flails | 3 4 5 6 8 9 11 12 | 12.2
Fighting       | |  3.6
Armour         | |  3.6
Shields        | |  3.6

Action                   |  1- 3 |  4- 6 |  7- 9 || total
-------------------------+-------+-------+-------++-------
Melee: Flail             |    76 |   139 |   233 ||   448
       Headbutt          |    11 |    25 |    42 ||    78
  Use: Potion            |       |     3 |     2 ||     5
       Scroll            |       |     3 |       ||     3
  Eat: Chunk             |     1 |     5 |     2 ||     8
       Bread ration      |       |       |     1 ||     1
Armor: Scale mail        |    59 |    38 |       ||    97
       Chain mail        |       |    62 |   106 ||   168
Dodge: Dodged            |    42 |    54 |    42 ||   138
Block: Shield            |    74 |    99 |    85 ||   258

Table legend:
 A = Spawn XP
 B = Non-spawn XP
 C = Spawn XP percentage of total XP
 D = Spawn monster count
 E = Non-spawn monster count
 F = Spawn count percentage of total count
 G = Total turns spent on level
                    A         B        C        D         E        F      G
               +---------+---------+-------+---------+---------+-------+---------
         Total |       0 |    1950 |   0.0 |       0 |     141 |   0.0 |  4002
               +---------+---------+-------+---------+---------+-------+---------
           D:1 |       0 |      52 |   0.0 |       0 |      32 |   0.0 |  1198
           D:2 |       0 |     136 |   0.0 |       0 |      24 |   0.0 |   679
           D:3 |       0 |     386 |   0.0 |       0 |      15 |   0.0 |   617
           D:4 |       0 |     783 |   0.0 |       0 |      26 |   0.0 |   806
           D:5 |       0 |     193 |   0.0 |       0 |       9 |   0.0 |   225
       Ossuary |       0 |     400 |   0.0 |       0 |      35 |   0.0 |   477
               +---------+---------+-------+---------+---------+-------+---------
